 Dungeon Crawl Stone Soup version 0.31-a0-366-ga77b45bd9b (webtiles) character file.

Game seed: 16607751579792395420

2429 MacCMillion the Grappler (level 9, -3/79 HPs)
             Began as a Black Draconian Shapeshifter on July 28, 2023.
             Was an Initiate of Qazlal.
             Slain by a two-headed ogre
             ... wielding a +0 dire flail
              (24 damage)
             ... on level 7 of the Dungeon.
             The game lasted 00:11:55 (6089 turns).

MacCMillion the Grappler (DrSh)                     Turns: 6089, Time: 00:11:56

Health: -3/79      AC:  7    Str: 22    XL:     9   Next: 24%
Magic:  9/9        EV: 18    Int:  9    God:    Qazlal [......]
Gold:   333        SH:  0    Dex: 11    Spells: 8/8 levels left

rFire   . .          .
                       - Unarmed
rCold   . . .        (no shield)
rNeg    . . .        (body armour unavailable)
rPois   .            (helmet currently unavailable)
rElec   +            (cloak currently unavailable)
rCorr   .            (gloves currently unavailable)
SInv    .            (boots currently unavailable)
Will    .....        (no amulet)
Stlth   +            n - +5 ring of evasion
HPRegen 0.33/turn    (no ring)
MPRegen 0.11/turn

%: no passive effects
@: confused, short of breath, beast-form
A: beast (slay +3), breathe lightning, AC +7, unfitting armour, electricity
resistance, cold-blooded
a: Breathe Lightning, Begin Untransformation, Renounce Religion


You were on level 7 of the Dungeon.
You worshipped Qazlal.
Qazlal was noncommittal.
You were a hulking beast.
You visited 2 branches of the dungeon, and saw 8 of its levels.
You also visited: Ossuary.

You collected 333 gold pieces.

Inventory:

Missiles
 v - 5 throwing nets
Armour
 f - a +0 pair of gloves
Jewellery
 n - a +5 ring of evasion (left hand)
 p - an amulet of guardian spirit
 y - an amulet of magic regeneration
Talismans
 b - a beast talisman
Wands
 l - a wand of iceblast (6)
 w - a wand of acid (14)
Scrolls
 d - 4 scrolls of teleportation
 g - 2 scrolls of fear
 h - 2 scrolls of poison
 j - 2 scrolls of vulnerability {unknown}
 o - a scroll of blinking {unknown}
 r - a scroll of brand weapon {unknown}
 s - a scroll of silence {unknown}
 t - a scroll of enchant armour {unknown}
 u - a scroll of revelation {unknown}
Potions
 a - 4 potions of curing {unknown}
 c - 2 potions of mutation
 e - 3 potions of haste
 i - 3 potions of resistance
 k - 2 potions of magic {unknown}
 m - 3 potions of heal wounds {unknown}
 x - 7 potions of brilliance
 z - 2 potions of invisibility {unknown}


   Skills:
 + Level 7.6 Fighting
 + Level 4.1 Dodging
 + Level 9.0 Unarmed Combat
 + Level 4.6 Shapeshifting


You had 8 spell levels left.
You didn't know any spells.
Your spell library contained the following spells:

 Spells                   Type           Power      Damage    Failure   Level
 Necrotise                Necr           0%         1d4       38%         1
 Scorch                   Fire           0%         2d5       52%         2
 Hailstorm                Conj/Ice       0%         3d3       77%         3
 Vampiric Draining        Necr           0%         2d6       77%         3
 Vhi's Electric Charge    Tloc/Air       0%         N/A       77%         3
 Flame Wave               Conj/Fire      0%         2d4       99%         4
 Summon Ice Beast         Ice/Summ       0%         N/A       99%         4
 Agony                    Necr           0%         N/A       100%        5
 Arcjolt                  Conj/Air       0%         1d10      100%        5
 Simulacrum               Ice/Necr       0%         N/A       100%        6
 Summon Cactus Giant      Summ           0%         N/A       100%        6
 Maxwell's Capacitive Co  Air            0%         ∞         100%        8


Dungeon Overview and Level Annotations

Branches:
Dungeon (7/15)             Temple (1/1) D:6         Ossuary (visited)

Altars:
Ashenzari
Cheibriados
Dithmenos
Elyvilon
Gozag
Hepliaklqana
Kikubaaqudgha
Makhleb
Nemelex Xobeh
Okawaru
Qazlal
Ru
Sif Muna
Trog
Uskayaw
Vehumet
Wu Jian
Xom
Yredelemnul
Zin
The Shining One


Innate Abilities, Weirdness & Mutations

You are a hulking beast.
Your limbs bulge with bestial killing power. (Slay +3)
You can breathe wild blasts of lightning.
Your glossy black scales are hard. (AC +7)
You cannot fit into any form of body armour.
You are resistant to electric shocks. (rElec)
You are cold-blooded and may be slowed by cold attacks.


Message History

Qazlal accepts your kill.
The orb of electricity engulfs the hornet.
The hornet is lightly wounded.
Something shouts, "Scamper home, thou fulsome kobold-kissing varlet!"
You hear an angry hiss.
You hear an angry buzzing noise.
The hornet stings you!
You feel yourself slow down.
You closely miss the hornet.
The hornet is lightly wounded.
The hornet completely misses you. The hornet stings you!
You suddenly lose the ability to move!
You feel yourself speed up.
The hornet stings you but does no damage.
The orc wizard gestures wildly while chanting.
The orc wizard flickers and vanishes!
Deactivating autopickup; reactivate with Ctrl-A.
You can move again.
Something hits you but does no damage. Something barely misses you.
There is an open door, spattered with blood here.
Something hits you but does no damage. Something barely misses you.
There is a fountain of clear blue water here.
A magic dart appears from out of thin air!
The magic dart hits you.
There is an open door here.
Something tries to affect you, but you resist.
There is a stone staircase leading down here.
You hear some strange, mumbled words.
You are confused.
The two-headed ogre hits you with a +0 dire flail!!
The two-headed ogre hits you with a +0 giant spiked club!
* * * LOW HITPOINT WARNING * * *
In your confused state, you trip and fall down the stairs.
* * * LOW HITPOINT WARNING * * *
You climb downwards.
Reactivating autopickup.
There is a stone staircase leading up here.
The two-headed ogre misses you.
The two-headed ogre hits you with a +0 giant spiked club!!
You die...

#.# #.#
#.## ...#
#..# #$.#
#..#
#hO#######
#<†.......
##.######
#.# #.#
#.# #.#
#.# #.#


You could see a two-headed ogre.

Vanquished Creatures
  Sigmund (D:3)
  A wraith (D:6)
  Eustachio (D:4)
  A water moccasin (D:6)
  A black bear (D:6)
  An ice beast (D:6)
  A sky beast (D:6)
  3 ogres
  5 scorpions
  A centaur zombie (Ossuary)
  2 hounds (D:6)
  3 orc priests
  A jelly (D:6)
  3 gnoll boudas (D:4)
  5 iguanas
  A human zombie (Ossuary)
  Ijyb (D:4)
  2 orc wizards (D:4)
  2 sleepcaps
  4 mummies (Ossuary)
  Robin (D:3)
  11 adders
  15 gnolls
  2 shadow imps
  3 ufetubi
  2 worms
  A dart slug (D:4)
  19 orcs
  9 ball pythons
  6 endoplasms
  6 giant cockroaches
  A gnoll zombie (Ossuary)
  14 goblins
  11 hobgoblins
  7 jackals
  2 kobolds
  4 quokkas
  4 bats
  4 frilled lizards
  2 goblin zombies (Ossuary)
  A hobgoblin zombie (Ossuary)
  2 orc zombies (Ossuary)
  6 rats
  A spectral hobgoblin (D:3)
174 creatures vanquished.

Notes
Turn   | Place    | Note
-------+----------+-------------------------------------------
     0 | D:1      | MacCMillion the Draconian Shapeshifter began the quest for
                  | the Orb.
     0 | D:1      | Reached XP level 1. HP: 16/16 MP: 1/1
   255 | D:1      | Reached XP level 2. HP: 21/23 MP: 2/2
   639 | D:2      | Reached XP level 3. HP: 29/29 MP: 3/3
   813 | D:2      | Reached skill level 4 in Unarmed Combat
  1008 | D:3      | Noticed Sigmund
  1008 | D:3      | Found a broken altar of Ashenzari.
  1013 | D:3      | Killed Sigmund
  1014 | D:3      | Reached skill level 5 in Unarmed Combat
  1014 | D:3      | Reached XP level 4. HP: 39/39 MP: 4/4
  1014 | D:3      | Reached XP level 5. HP: 45/45 MP: 5/5
  1611 | D:3      | Found a faded altar of an unknown god.
  1712 | D:3      | Identified the +4 short sword of Vikkag {freeze, rElec}
  2039 | D:3      | Reached XP level 6. HP: 52/52 MP: 6/6
  2077 | D:3      | Found a sacrificial altar of Ru.
  2116 | D:4      | Noticed Robin
  2136 | D:3      | Killed Robin
  2240 | D:4      | Reached skill level 6 in Unarmed Combat
  2297 | D:4      | Noticed Eustachio
  2317 | D:4      | Killed Eustachio
  2325 | D:4      | Your scales start taking on a glossy black colour.
  2325 | D:4      | Reached XP level 7. HP: 33/60 MP: 7/7
  2325 | D:4      | Gained mutation: You are resistant to electric shocks.
                  | (rElec) [Black Draconian growth]
  2583 | D:4      | Reached skill level 7 in Unarmed Combat
  2643 | D:4      | Reached skill level 5 in Fighting
  3139 | D:4      | Noticed Ijyb
  3153 | D:4      | Killed Ijyb
  3154 | D:4      | Reached skill level 8 in Unarmed Combat
  3551 | D:5      | Entered Level 5 of the Dungeon
  3557 | D:5      | Found a white marble altar of Elyvilon.
  3743 | D:5      | Reached XP level 8. HP: 70/70 MP: 8/8
  4443 | D:6      | Found a staircase to the Ecumenical Temple.
  4452 | Temple   | Entered the Ecumenical Temple
  4457 | Temple   | Became a worshipper of Qazlal Stormbringer
  4805 | D:6      | Found a sand-covered staircase.
  4813 | Ossuary  | Entered an ossuary
  5469 | D:6      | Reached XP level 9. HP: 79/79 MP: 9/9
  6038 | D:6      | Reached skill level 9 in Unarmed Combat
  6055 | D:6      | Noticed a two-headed ogre
  6072 | D:6      | Paralysed by a hornet for 2 turns
  6089 | D:7      | Slain by a two-headed ogre

Illustrated notes

Levels and vault maps discovered:
D:1:      amcnicky_arrival_blooded_trapdoor, layout_rooms, minivault_24,
          minmay_misc_feat_secret_circle
D:2:      layout_rooms, minmay_goblin_kobold_house
D:3:      minmay_razor_zed, layout_basic, cheibrodos_ashenzari_chains,
          lemuel_coloured_pillars_altar,
          dreamdust_ecumenical_altar_drowned_temple, st_stairs_7, uniq_sigmund
D:4:      cheibrodos_quashed, layout_cave_pools, uniq_robin, uniq_ijyb,
          uniq_eustachio
D:5:      layout_basic, mainiacjoe_overflow_concentric_impassable,
          kennysheep_generic_room_3
D:6:      minmay_klotski, layout_basic, minmay_temple_entry_antechambers,
          chequers_ossuary_entry_cave, minmay_misc_feat_x,
          minmay_fractal_squares_diagonal_5
D:7:      hangedman_cross_stitches, layout_loops_ring, minivault_10
Temple:   dpeg_three_leaves_temple

Skill      XL: |  1  2  3  4  5  6  7  8  9 |
---------------+----------------------------+-----
Fighting       | 2 3 4 6 7 |  7.6
Unarmed Combat | 5 6 8 9 |  9.0
Dodging        | 3 4 |  4.1
Shapeshifting  | 4 |  4.6

Action                     |  1- 3 |  4- 6 |  7- 9 || total
---------------------------+-------+-------+-------++-------
  Melee: Unarmed           |    79 |   128 |   253 ||   460
         Tailslap          |     3 |    16 |    31 ||    50
         Punch             |       |     4 |    15 ||    19
Ability: Breathe Lightning |       |       |    11 ||    11
    Use: Potion            |     1 |       |     1 ||     2
         Scroll            |       |       |     7 ||     7
   Stab: Sleeping          |     1 |       |       ||     1
 Armour: Skin              |    20 |    34 |    42 ||    96
  Dodge: Dodged            |    40 |   119 |   171 ||   330

Table legend: (Time is in decaauts)
 A = Elapsed time spent in this place.
 B = Non-inter-level travel time spent in this place.
 C = Inter-level travel time spent in this place.
 D = Time resting spent in this place.
 E = Time spent auto-exploring this place.
 F = Levels seen in this place.
 G = Mean time per level.
                   A        B        C        D        E       F      G
               +--------+--------+--------+--------+--------+-----+--------+
         Total |   6026 |   5802 |    224 |   1375 |   3001 |   9 |  669.6 |
       Dungeon |   5489 |   5265 |    224 |   1037 |   2902 |   7 |  784.1 |
        Temple |     10 |     10 |      0 |      0 |      0 |   1 |   10.0 |
       Ossuary |    526 |    526 |      0 |    338 |     99 |   1 |  526.0 |
               +--------+--------+--------+--------+--------+-----+--------+

Top non-repeatable levels by time:
     D:3: 1382 daAuts
     D:4: 1148 daAuts
     D:6: 1101 daAuts
     D:5: 698 daAuts
     D:1: 532 daAuts
 Ossuary: 526 daAuts
     D:2: 470 daAuts
     D:7: 154 daAuts
  Temple: 10 daAuts
